AoeStats
← Gothic_Brother

Nomad

509582343Analyzed
3v3 RM · 7d ago on Sep 27, 2026· 51m 6s· 6 players
Game mode
Random Map
Map size
210×210
Population
200
Speed
Normal
Resources
Standard
Victory
Conquest
Starting age
Dark Age
Ending age
Imperial Age
RankedLock teamsTeams togetherTeam positionsShared explorationLock speedFull tech treeHidden civsTurbo modeCheats
Victory
Defeat
🇷🇺 Persians · Russia
1067
+15
🇷🇺 Danes · Russia
1061
+15
🇷🇺 Malay · Russia
1042
+16
🇪🇸 Cumans · Spain
1055
-15
🇩🇪 Varangians · Germany
1053
-16
🇩🇪 Danes · Germany
1022
-15
comebackfred
14:59 Feudal Age
13:17 Loom
17:04 Wheelbarrow
16:32 Horse Collar
17:03 Stone Mining
18:06 Double-Bit Axe
25:12 Castle Age
24:31 Gold Mining
26:36 Hand Cart
27:38 Forging
27:29 Scale Mail Armor
31:27 Husbandry
31:51 Bloodlines
36:28 Heavy Plow
37:09 Light Cavalry
Datros
6:39 Loom
13:52 Feudal Age
14:32 Double-Bit Axe
14:34 Fishing Lines
17:20 Bloodlines
17:48 Horse Collar
18:16 Scale Barding Armor
24:17 Castle Age
24:19 Forging
24:54 Gold Mining
25:28 Bow Saw
25:26 Husbandry
25:47 Chain Barding Armor
26:02 Iron Casting
26:02 Stone Mining
27:01 Wheelbarrow
26:43 Heavy Plow
29:46 Hand Cart
39:06 Imperial Age
40:46 Elite Jarl
40:54 Gothikon
41:10 Elite Varangian Guard
41:36 Gambesons
41:51 Squires
43:27 Conscription
45:05 Scale Mail Armor
fundopando
8:00 Loom
17:37 Feudal Age
18:38 Double-Bit Axe
18:38 Horse Collar
24:02 Bloodlines
26:05 Scale Barding Armor
26:56 Forging
28:59 Fletching
29:10 Padded Archer Armor
30:19 Wheelbarrow
38:29 Castle Age
42:27 Hand Cart
42:25 Bow Saw
42:19 Heavy Plow
43:17 Pikeman
43:58 Squires
43:47 Arson
44:36 Bodkin Arrow
45:20 Iron Casting
44:46 Scale Mail Armor
45:07 Chain Barding Armor
Gothic_Brother
7:28 Loom
14:05 Feudal Age
14:51 Fishing Lines
14:59 Double-Bit Axe
18:47 Castle Age
17:28 Forging
18:49 Scale Mail Armor
19:00 Arson
20:02 Gillnets
21:05 Iron Casting
20:47 Chain Mail Armor
21:52 Wheelbarrow
22:14 Squires
23:03 Bow Saw
22:54 Fletching
27:47 Bodkin Arrow
29:14 Horse Collar
33:28 Imperial Age
33:15 Heavy Plow
33:41 Padded Archer Armor
35:19 Conscription
34:32 Elite Skirmisher
36:03 Fervor
36:10 Block Printing
36:23 Illumination
36:21 Sanctity
37:07 Theocracy
38:21 Town Watch
39:25 Elite Jomsviking
40:23 Thumb Ring
41:46 Blast Furnace
41:12 Ballistics
41:48 Plate Mail Armor
42:03 Bracer
42:19 Leather Archer Armor
43:12 Chemistry
43:03 Gold Mining
45:25 Redemption
46:18 Gold Shaft Mining
46:02 Hand Cart
45:50 Town Patrol
48:26 Siege Engineers
48:07 Arrowslits
48:33 Masonry
48:56 Ring Archer Armor
Gingold
4:20 Loom
17:00 Feudal Age
16:33 Fishing Lines
16:34 Man-at-Arms
17:50 Double-Bit Axe
22:49 Castle Age
22:05 Forging
21:41 Man-at-Arms
22:36 Gillnets
22:54 Squires
22:40 Long Swordsman
24:25 Bow Saw
24:11 Arson
25:41 Iron Casting
25:26 Gold Mining
30:25 Pikeman
32:48 Wheelbarrow
32:51 Gold Shaft Mining
32:58 Stone Mining
38:02 Imperial Age
36:47 Sanctity
39:03 Block Printing
41:13 Hand Cart
42:06 Conscription
44:04 Illumination
43:23 Two-Handed Swordsman
44:49 Husbandry
44:39 Town Watch
50:50 Redemption
51:34 Scale Barding Armor
52:29 Blast Furnace
Kairos
15:28 Feudal Age
13:44 Loom
19:30 Castle Age
17:31 Fishing Lines
18:16 Double-Bit Axe
20:51 Bow Saw
20:50 Fletching
22:32 Gillnets
25:15 Pikeman
30:01 Murder Holes
32:37 Scale Barding Armor
32:39 Horse Collar
35:02 Kamandaran
37:42 Crossbowman
38:28 Thumb Ring
38:46 Ballistics
38:37 Masonry
39:53 Wheelbarrow
40:48 Heavy Plow
43:43 Imperial Age
43:06 Forging
43:17 Chain Barding Armor
44:29 Conscription
46:37 Chemistry
46:08 Architecture
47:35 Elite War Elephant
48:54 Iron Casting
49:31 Hand Cart
50:04 Plate Barding Armor
50:39 Blast Furnace
50:17 Gold Mining
52:06 Gold Shaft Mining
51:25 Stone Mining
Connection lost

Rejoining the realm…

Still unreachable

The connection could not be restored.

Session expired

The server has moved on; the page needs a fresh start.